Map: Whirlwind LE (Void)

Players

Fropez

  • Race: Protoss Protoss
  • League: Gold
  • Spawn Location: 11:00

Ackbar - Winner!

  • Race: Protoss Protoss
  • League: Gold
  • Spawn Location: 7:00

VOD

Have the link to the VOD?

Description

Time

  • Played on: Jan. 19, 2017, 2:58 p.m.
  • Length: 13:17
Show
View Real Time Build Order
Export as new Build Order

Fropez Protoss 

Build Orders: Blink Stalkers 

Get SALT Encoding   

  12  0:01  Probe (Chrono Boost)  
  14  0:14  Probe (Chrono Boost)  
  14  0:23  Pylon  
  14  0:26  Probe (Chrono Boost)  
  15  0:31  Assimilator  
  15  0:41  Probe (Chrono Boost)  
  16  0:47  Gateway  
  16  0:52  Probe (Chrono Boost)  
  17  1:03  Probe (Chrono Boost)  
  18  1:13  Probe (Chrono Boost)  
  19  1:22  Assimilator  
  19  1:24  Probe (Chrono Boost)  
  20  1:34  Probe (Chrono Boost)  
  20  1:35  Cybernetics Core  
  21  1:42  Pylon  
  21  1:45  Probe (Chrono Boost)  
  22  1:55  Probe (Chrono Boost)  
  22  2:01  Gateway  
  23  2:06  Probe (Chrono Boost)  
  24  2:16  Probe (Chrono Boost)  
  24  2:22  Warp Gate  
  26  2:30  Stalker  
  26  2:33  Mothership Core (Chrono Boost)  
  29  2:41  Pylon  
  29  2:48  Stalker  
  31  3:01  Probe (Chrono Boost)  
  31  3:04  Twilight Council  
  32  3:10  Pylon  
  32  3:11  Pylon  
  33  3:13  Probe (Chrono Boost)  
  33  3:17  Stalker  
  35  3:21  Stalker  
  35  3:25  Probe (Chrono Boost)  
  38  3:30  Gateway  
  38  3:32  Blink  
  38  3:37  Probe (Chrono Boost)  
  40  3:49  Probe (Chrono Boost)  
  40  3:55  Stalker  
  42  3:57  Stalker  
  42  4:01  Probe (Chrono Boost)  
  45  4:14  Probe (Chrono Boost)  
  46  4:24  Dark Shrine  
  46  4:26  Probe (Chrono Boost)  
  47  4:43  Pylon  
  47  4:49  Pylon  
  47  4:55  Pylon  
  47  5:02  Probe (Chrono Boost)  
  47  5:04  Nexus  
  48  5:07  Pylon  
  48  5:09  Pylon  
  49  5:15  Probe (Chrono Boost)  
  49  5:17  Stalker  
  51  5:22  Stalker  
  51  5:27  Probe (Chrono Boost)  
  54  5:35  Stalker  
  56  5:39  Probe (Chrono Boost)  
  57  5:47  Gateway  
  57  5:48  Stalker  
  59  5:53  Probe (Chrono Boost)  
  60  6:15  Probe (Chrono Boost), Stalker x2  
  66  6:27  Probe (Chrono Boost)  
  66  6:31  Pylon  
  66  6:32  Probe (Chrono Boost)  
  66  6:54  Stalker x3  
  68  6:57  Assimilator  
  68  6:59  Probe (Chrono Boost)  
  68  7:00  Probe (Chrono Boost)  
  68  7:01  Assimilator  
  74  7:02  Pylon  
  74  7:10  Gateway  
  74  7:11  Gateway  
  74  7:17  Robotics Facility  
  74  7:19  Forge  
  74  7:21  Dark Templar x2  
  74  7:22  Dark Templar  
  80  7:35  Stalker  
  82  7:40  Pylon  
  82  7:55  Stalker x2  
  82  7:56  Protoss Ground Weapons Level 1, Stalker  
  88  8:10  Observer  
  89  8:14  Forge  
  89  8:17  Pylon  
  89  8:27  Warp Prism  
  89  8:33  Protoss Ground Armor Level 1  
  91  8:38  Nexus  
  91  8:39  Stalker x3  
  91  8:41  Pylon  
  97  8:53  Probe (Chrono Boost)  
  97  8:54  Probe (Chrono Boost)  
  99  9:03  Observer  
  99  9:06  Probe x2 (Chrono Boost)  
  102  9:14  Pylon  
  102  9:22  Probe (Chrono Boost), Gateway  
  102  9:23  Probe (Chrono Boost), Gateway  
  104  9:39  Protoss Ground Weapons Level 2  
  104  10:03  Gateway  
  104  10:05  Gateway  
  104  10:27  Protoss Shields Level 1  
  104  10:38  Dark Templar x5  
  112  11:03  Shadow Stride  
  112  11:12  Dark Templar x3  
  112  11:13  Dark Templar x3  
  102  12:03  Stalker x5  
  102  12:04  Stalker x2  
  114  12:10  Assimilator  
  114  12:14  Assimilator  
  111  12:29  Stalker  
  113  12:30  Stalker x6  
  113  12:31  Stalker  
  113  13:01  Stalker x5  
Show
View Real Time Build Order
Export as new Build Order

Ackbar Protoss - Winner!

Build Orders:  

Get SALT Encoding   

  12  0:01  Probe (Chrono Boost)  
  13  0:11  Probe (Chrono Boost)  
  14  0:19  Pylon  
  14  0:22  Probe (Chrono Boost)  
  15  0:37  Probe (Chrono Boost)  
  15  0:38  Gateway  
  16  0:47  Assimilator  
  16  0:48  Probe (Chrono Boost)  
  17  0:53  Assimilator  
  17  0:58  Probe (Chrono Boost)  
  18  1:09  Probe (Chrono Boost)  
  19  1:20  Probe (Chrono Boost)  
  19  1:22  Pylon  
  20  1:26  Cybernetics Core  
  20  1:30  Probe (Chrono Boost)  
  21  1:37  Zealot  
  23  1:41  Probe (Chrono Boost)  
  24  1:51  Probe (Chrono Boost)  
  25  2:02  Pylon, Probe (Chrono Boost)  
  25  2:08  Stargate, Zealot  
  28  2:12  Probe (Chrono Boost)  
  29  2:23  Probe (Chrono Boost)  
  30  2:34  Stargate  
  30  2:39  Mothership Core (Chrono Boost)  
  32  2:56  Pylon  
  32  2:57  Probe (Chrono Boost)  
  33  3:16  Probe (Chrono Boost)  
  34  3:36  Zealot  
  36  3:45  Pylon  
  36  3:47  Pylon  
  36  3:49  Void Ray x2  
  44  4:17  Pylon  
  44  4:19  Pylon  
  44  4:22  Probe (Chrono Boost)  
  45  4:28  Nexus  
  45  4:30  Assimilator  
  45  4:33  Void Ray, Probe (Chrono Boost)  
  45  4:34  Assimilator  
  50  4:40  Pylon  
  50  4:55  Forge  
  50  4:57  Void Ray  
  54  5:00  Probe (Chrono Boost)  
  55  5:15  Pylon  
  55  5:24  Probe (Chrono Boost)  
  55  5:25  Pylon  
  56  5:30  Void Ray  
  56  5:35  Probe (Chrono Boost)  
  61  5:47  Photon Cannon  
  61  5:52  Void Ray  
  61  5:55  Probe (Chrono Boost)  
  66  5:58  Probe (Chrono Boost)  
  67  6:06  Probe (Chrono Boost)  
  67  6:08  Probe (Chrono Boost)  
  69  6:16  Probe (Chrono Boost)  
  70  6:19  Probe (Chrono Boost)  
  70  6:20  Void Ray  
  75  6:30  Photon Cannon  
  75  6:43  Photon Cannon  
  75  6:45  Photon Cannon  
  75  6:47  Void Ray  
  79  6:57  Protoss Air Weapons Level 1  
  79  6:59  Pylon  
  79  7:09  Void Ray  
  83  7:17  Pylon, Protoss Shields Level 1  
  83  7:21  Pylon  
  83  7:22  Probe x2 (Chrono Boost)  
  85  7:34  Probe x2 (Chrono Boost)  
  87  7:38  Zealot  
  89  7:52  Robotics Facility  
  89  7:54  Void Ray  
  93  8:05  Zealot  
  93  8:10  Void Ray  
  99  8:14  Pylon  
  99  8:20  Pylon x2  
  99  8:33  Void Ray, Zealot  
  101  8:39  Observer  
  106  8:53  Void Ray  
  110  9:01  Observer  
  111  9:10  Void Ray  
  111  9:16  Protoss Air Armor Level 1  
  115  9:18  Zealot  
  117  9:29  Gateway x2  
  117  9:31  Pylon  
  117  9:37  Photon Cannon  
  117  9:45  Void Ray, Zealot  
  123  9:48  Twilight Council, Void Ray  
  125  10:46  Void Ray  
  125  10:52  Void Ray  
  125  10:53  Charge  
  125  10:55  Zealot x3  
  139  11:02  Pylon  
  139  11:14  Pylon  
  139  11:15  Pylon  
  139  11:16  Pylon  
  139  11:24  Observer  
  138  11:43  Observer  
  130  12:01  Observer  
  131  12:10  Void Ray  
  131  12:11  Void Ray  
  131  12:15  Zealot x3  
  145  12:20  Observer  
  146  12:42  Zealot x3  
Tags
 
Composition
Blink Stalkers
League
GoldGold
Matchup
PvP
Replay Pack
From the laptop
Spawn Locations
Close Positions
Add a new tag
Caveats
  • Supply blocks, unpowered buildings, or Contaminate may cause inaccurate times.
  • Supply counts are checked every 10 seconds.